 Dungeon Crawl Stone Soup version 0.29-a0-283-ga02f740833 (webtiles) character file.

Game seed: 10533025249194510924

66 Sliveroverlord the Ducker (level 4, -7/32 HPs)
             Began as a Gnoll Wanderer on Mar 13, 2022.
             Mangled by Sigmund
             ... wielding a +0 scythe
              (8 damage)
             ... on level 2 of the Dungeon.
             The game lasted 00:07:56 (2754 turns).

Sliveroverlord the Ducker (Gnoll Wanderer)          Turns: 2754, Time: 00:07:56

Health: -7/32      AC:  6    Str: 14    XL:     4   Next: 15%
Magic:  11/11      EV: 12    Int: 12    God:
Gold:   84         SH:  0    Dex: 10    Spells: 9/13 levels left

rFire   . . .      SeeInvis .   a - +1 mace
rCold   . . .      Faith    .   (no shield)
rNeg    . . .      Spirit   .   k - +0 ring mail
rPois   .          Reflect  .   b - +0 helmet
rElec   .          Harm     .   (no cloak)
rCorr   .          Rampage  .   (no gloves)
Will    .....                   (no boots)
Stlth   +.........              (no amulet)
HPRegen 0.10/turn               (no ring)
MPRegen 0.12/turn               (no ring)

@: no status effects
A: fangs 1, strong nose, distributed training
a: no special abilities


You were on level 2 of the Dungeon.
You visited 1 branch of the dungeon, and saw 2 of its levels.

You collected 84 gold pieces.

Inventory:

Hand Weapons
 a - a +1 mace (weapon)
 e - a +0 short sword
 g - a +0 hunting sling
Armour
 b - a +0 helmet (worn)
 k - a +0 ring mail (worn)
Jewellery
 h - an amulet of the acrobat
Scrolls
 c - a scroll of teleportation
Potions
 f - a potion of berserk rage
 j - a potion of heal wounds {unknown}


   Skills:
 + Level 1.0 Fighting
 + Level 1.0 Short Blades
 + Level 1.0 Long Blades
 + Level 1.0 Axes
 + Level 2.7 Maces & Flails
 + Level 1.0 Polearms
 + Level 1.0 Staves
 + Level 1.0 Slings
 + Level 1.0 Bows
 + Level 1.0 Crossbows
 + Level 2.7 Throwing
 + Level 1.0 Armour
 + Level 6.6 Dodging
 + Level 2.5 Stealth
 + Level 1.0 Shields
 + Level 1.0 Unarmed Combat
 + Level 5.0 Spellcasting
 + Level 0.8 Conjurations
 + Level 0.8 Hexes
 + Level 0.8 Summonings
 + Level 0.8 Necromancy
 + Level 0.8 Translocations
 + Level 0.8 Transmutations
 + Level 0.8 Fire Magic
 + Level 0.8 Ice Magic
 + Level 0.8 Air Magic
 + Level 0.8 Earth Magic
 + Level 0.8 Poison Magic
 + Level 1.1 Invocations
 + Level 2.7 Evocations


You had 9 spell levels left.
You knew the following spells:

 Your Spells              Type           Power      Damage    Failure   Level
a - Searing Ray           Conj           10%        2d4       41%         2
b - Wereblood             Tmut           5%         N/A       41%         2

Your spell library contained the following spells:

 Spells                   Type           Power      Damage    Failure   Level
 Animate Skeleton         Necr           10%        N/A       28%         1
 Apportation              Tloc           10%        N/A       28%         1
 Summon Small Mammal      Summ           20%        N/A       28%         1


Dungeon Overview and Level Annotations

Branches:
Dungeon (2/15)

Altars:

Annotations:
D:2 Sigmund


Innate Abilities, Weirdness & Mutations

You have very sharp teeth.
Your uncanny sense of smell can sniff out nearby items.
Your experience applies equally to all skills.


Message History

Sigmund is almost dead.
Sigmund casts a spell at you.
You are confused.
Sigmund closely misses you. Sigmund gestures at you while chanting.
The puff of flame hits you!
You hit Sigmund.
Sigmund is almost dead.
Sigmund gestures at you while chanting. The puff of flame hits you.
Sigmund misses you.
You're too confused to move!
You bump into the rock wall.
Sigmund gestures at you while chanting.
You are more confused.
Sigmund hits you but does no damage.
You bump into the rock wall.
Sigmund gestures at you while chanting. The magic dart hits you.
* * * LOW HITPOINT WARNING * * *
You feel better.
Sigmund gestures wildly while chanting.
Sigmund flickers and vanishes!
Deactivating autopickup; reactivate with Ctrl-A.
Something hits you.
You hit something. Something barely misses you.
You closely miss something. Something hits you.
You closely miss something. You miss something.
Something hits you but does no damage.
You closely miss something. Something hits you but does no damage.
You completely miss something. Your bite misses something.
You hear some strange, mumbled words.
A puff of flame appears from out of thin air!
The puff of flame misses you.
You miss something. Something hits you.
* * * LOW HITPOINT WARNING * * *
You miss something. Something hits you.
* * * LOW HITPOINT WARNING * * *
You closely miss something. Something hits you!
You die...

...# ##. .### #..#.....#.# .#
#.##.#.#... .# #.##$..... .#
#.##.#.#. ## #.##.... ##
##.##$#.# .. ##.#.#.#{###.#
#.###...@.!..####
######.#.#.#<..=.....
#.....#.##....##.##..
#.##...######.# #
#####.#.............
......#.....#####.###############
##..#.......# #.# #............
##..........# #.# #.###########
............# #.# #.#


There were no monsters in sight!

Vanquished Creatures
  2 adders (D:2)
  2 dart slugs (D:1)
  5 endoplasms
  A giant cockroach (D:2)
  A goblin (D:2)
  5 hobgoblins
  6 jackals (D:1)
  A quokka (D:1)
  4 ball pythons
  3 bats
  2 frilled lizards
  3 kobolds
  5 rats (D:1)
40 creatures vanquished.

Notes
Turn   | Place    | Note
-------+----------+-------------------------------------------
     0 | D:1      | Sliveroverlord the Gnoll Wanderer began the quest for the
                  | Orb.
     0 | D:1      | Sliveroverlord set off with the following items: a +0 mace,
                  | a +0 helmet, a scroll of teleportation, a +0 robe; and the
                  | following spells available to memorise: Animate Skeleton,
                  | Summon Small Mammal, Searing Ray, Wereblood
     0 | D:1      | Reached XP level 1. HP: 13/13 MP: 6/6
    43 | D:1      | Found a faded altar of an unknown god.
   310 | D:1      | Reached XP level 2. HP: 15/19 MP: 7/7
   971 | D:1      | Learned a level 2 spell: Searing Ray
   974 | D:1      | Learned a level 2 spell: Wereblood
   990 | D:1      | Reached XP level 3. HP: 25/25 MP: 9/9
  1038 | D:1      | Reached skill level 5 in Spellcasting
  1621 | D:2      | Reached skill level 1 in Invocations
  1796 | D:2      | Reached skill level 1 in Fighting
  1796 | D:2      | Reached skill level 1 in Short Blades
  1796 | D:2      | Reached skill level 1 in Long Blades
  1796 | D:2      | Reached skill level 1 in Axes
  1796 | D:2      | Reached skill level 1 in Polearms
  1796 | D:2      | Reached skill level 1 in Staves
  1796 | D:2      | Reached skill level 1 in Slings
  1796 | D:2      | Reached skill level 1 in Bows
  1796 | D:2      | Reached skill level 1 in Crossbows
  1796 | D:2      | Reached skill level 1 in Armour
  1796 | D:2      | Reached skill level 1 in Shields
  1796 | D:2      | Reached skill level 1 in Unarmed Combat
  2234 | D:2      | HP: 1/26 [frozen (4)]
  2609 | D:2      | Reached XP level 4. HP: 27/32 MP: 11/11
  2710 | D:2      | Noticed Sigmund
  2753 | D:2      | HP: 1/32 [something (6)]
  2754 | D:2      | Mangled by Sigmund

Illustrated notes

Levels and vault maps discovered:
D:1:      psy_arrival_radial01, layout_loops_ring,
          hellmonk_ecumenical_altar_pennies_from_heaven, moated_statue
D:2:      layout_loops_ring, kennysheep_generic_room_10, uniq_sigmund

Skill      XL: |  1  2  3 |
---------------+----------+-----
Spellcasting   | 5 |  5.0
Invocations    | 1 |  1.1
Fighting       | 1 |  1.0
Short Blades   | 1 |  1.0
Long Blades    | 1 |  1.0
Axes           | 1 |  1.0
Polearms       | 1 |  1.0
Staves         | 1 |  1.0
Slings         | 1 |  1.0
Bows           | 1 |  1.0
Crossbows      | 1 |  1.0
Armour         | 1 |  1.0
Shields        | 1 |  1.0
Unarmed Combat | 1 |  1.0
Maces & Flails | |  2.7
Throwing       | |  2.7
Dodging        | |  6.6
Stealth        | |  2.5
Conjurations   | |  0.8
Hexes          | |  0.8
Summonings     | |  0.8
Necromancy     | |  0.8
Translocations | |  0.8
Transmutations | |  0.8
Fire Magic     | |  0.8
Ice Magic      | |  0.8
Air Magic      | |  0.8
Earth Magic    | |  0.8
Poison Magic   | |  0.8
Evocations     | |  2.7

Action                   |  1- 3 |  4- 6 || total
-------------------------+-------+-------++-------
Melee: Mace              |   153 |    27 ||   180
       Bite              |    14 |     3 ||    17
       Punch             |     2 |       ||     2
 Cast: Wereblood         |     1 |       ||     1
  Use: Scroll            |     3 |       ||     3
       Potion            |       |     1 ||     1
 Stab: Sleeping          |     4 |       ||     4
Armor: Robe              |    27 |       ||    27
       Ring mail         |    26 |     8 ||    34
Dodge: Dodged            |   143 |    16 ||   159

Table legend: (Time is in decaauts)
 A = Elapsed time spent in this place.
 B = Non-inter-level travel time spent in this place.
 C = Inter-level travel time spent in this place.
 D = Time resting spent in this place.
 E = Time spent auto-exploring this place.
 F = Levels seen in this place.
 G = Mean time per level.
                   A        B        C        D        E       F      G
               +--------+--------+--------+--------+--------+-----+--------+
         Total |   2807 |   2776 |     31 |    974 |   1260 |   2 | 1403.5 |
       Dungeon |   2807 |   2776 |     31 |    974 |   1260 |   2 | 1403.5 |
               +--------+--------+--------+--------+--------+-----+--------+

Top non-repeatable levels by time:
     D:2: 1477 daAuts
     D:1: 1330 daAuts
